 Dungeon Crawl Stone Soup version 0.32-a0-612-g1c984fe9d1 (webtiles) character file.

Game seed: 16244367528780464665

596 miscthings the Trooper (level 7, -14/61 HPs)
             Began as a Coglin Artificer on Mar 5, 2024.
             Demolished by an ogre
             ... wielding a +0 giant club
              (28 damage)
             ... on level 4 of the Dungeon.
             The game lasted 00:06:12 (2333 turns).

miscthings the Trooper (Coglin Artificer)           Turns: 2333, Time: 00:06:13

Health: -14/61     AC:  6    Str: 15    XL:     7   Next: 40%
Magic:  7/7        EV: 10    Int: 10    God:
Gold:   130        SH:  0    Dex: 14    Spells: 6/6 levels left

rFire   . . .        m - +1 dagger (venom) {Ashmeen}
rCold   . . .        f - +0 dagger {Fikile}
rNeg    . . .        j - +0 ring mail
rPois   .            (no helmet)
rElec   .            n - +0 cloak
rCorr   .            (no gloves)
SInv    .            (no boots)
Will    .....        (amulet unavailable)
Stlth   +            (ring unavailable)
HPRegen 0.30/turn    (ring unavailable)
MPRegen 0.10/turn    (no gizmo)

%: no passive effects
@: revved
A: off-hand wielding, slow wielding, warmup strikes, no jewellery
a: Invent Gizmo


You were on level 4 of the Dungeon.
You visited 1 branch of the dungeon, and saw 4 of its levels.

You collected 130 gold pieces.

Inventory:

Hand Weapons
 d - a +0 mace {Harkiran}
 f - a +0 dagger (offhand) {Fikile}
 g - a +0 dagger {Shi}
 m - a +1 dagger of venom (weapon) {Ashmeen}
Missiles
 o - 4 javelins
Armour
 j - a +0 ring mail (worn)
 n - a +0 cloak (worn)
Wands
 c - a wand of flame (10) (quivered)
 e - a wand of iceblast (3)
Scrolls
 b - a scroll of amnesia
Potions
 a - 5 potions of curing
 i - a potion of brilliance {unknown}


   Skills:
 + Level 7.7 Fighting
 - Level 1.8 Armour
 - Level 0.9 Dodging
 - Level 0.7 Stealth
 - Level 4.0 Evocations


You had 6 spell levels left.
You didn't know any spells.
Your spell library was empty.

Dungeon Overview and Level Annotations

Branches:
Dungeon (4/15)
 Temple: D:4-7

Altars:
Cheibriados
Uskayaw
Jiyva

Annotations:
D:1 2 runed translucent doors


Innate Abilities, Weirdness & Mutations

You can wield a second weapon in your off-hand.
It takes a long time for you to wield or remove held weapons.
Your first few attacks do less damage.
You cannot equip rings or amulets.


Message History

You kill the bullfrog!
Your Fighting skill increases to level 7!
You have reached level 7!
Your brain swirls with designs for a superrecursive samoflange.
You just need some more time...
Okay, then.
You hit the wyvern with your +1 dagger of venom.
The wyvern is heavily wounded.
You hit the wyvern but do no damage. The wyvern bites you.
The wyvern barely misses you.
You hit the wyvern but do no damage.
The wyvern is heavily wounded.
You hit the wyvern but do no damage.
The wyvern is poisoned.
The wyvern barely misses you.
You hit the wyvern but do no damage.
The wyvern is heavily wounded.
You closely miss the wyvern with your +1 dagger of venom.
The wyvern bites you!
* * * LOW HITPOINT WARNING * * *
The wyvern barely misses you.
A kobold comes into view. It is wielding a +0 dagger.
You barely miss the wyvern with your +1 dagger of venom.
The wyvern is heavily wounded.
You hit the wyvern but do no damage. The wyvern misses you.
You barely miss the wyvern with your +0 dagger.
The wyvern is heavily wounded.
You hit the wyvern with your +1 dagger of venom.
The wyvern looks as sick as possible!
The wyvern closely misses you. The wyvern bites you!
* * * LOW HITPOINT WARNING * * *
You feel better. The wyvern barely misses you.
You completely miss the wyvern with your +0 dagger.
The wyvern is almost dead.
You hit the wyvern but do no damage.
The wyvern looks as sick as possible!
You kill the wyvern!
You hit the ogre with your +1 dagger of venom.
The ogre is poisoned.
The ogre is lightly wounded.
You barely miss the ogre with your +0 dagger.
The ogre hits you with a +0 giant club!!
You die...

.#.....##...####
.....###......#
.#...#.......##
#.......######
..###....###
#...#.....#
#..###....##
#.#.#.#....# ..#
#J###@..# .#
#.#.#O#..# ..#
#KJ#..# #.#
#.#.#..# .#
#:###...# #.#
#..# ..# #..#
##. ..# # .#


You could see an ogre (very poisoned), a jelly and a kobold.

Vanquished Creatures
  Sigmund (D:2)
  A wyvern (D:4)
  A bullfrog (D:4)
  A scorpion (D:4)
  A hound (D:4)
  A jelly (D:3)
  A gnoll (D:1)
  3 adders
  A ribbon worm (D:4)
  A dart slug (D:1)
  10 bats
  3 endoplasms
  3 giant cockroaches
  10 goblins
  4 hobgoblins
  A quokka (D:2)
  7 ball pythons
  5 frilled lizards
  5 kobolds
  2 rats (D:1)
62 creatures vanquished.

Notes
Turn   | Place    | Note
-------+----------+-------------------------------------------
     0 | D:1      | miscthings the Coglin Artificer began the quest for the
                  | Orb.
     0 | D:1      | Reached XP level 1. HP: 15/15 MP: 1/1
    67 | D:1      | Found a large runed translucent door.
    67 | D:1      | Found a large runed translucent door.
    70 | D:1      | Noticed a jelly
    71 | D:1      | Noticed a jelly
    71 | D:1      | Noticed a jelly
    71 | D:1      | Noticed a jelly
    71 | D:1      | Noticed a jelly
    72 | D:1      | Found a viscous altar of Jiyva.
    72 | D:1      | Noticed a jelly
    74 | D:1      | Reached XP level 2. HP: 22/22 MP: 2/2
   113 | D:1      | Reached skill level 2 in Fighting
   281 | D:1      | Reached XP level 3. HP: 20/28 MP: 3/3
   385 | D:1      | Reached skill level 3 in Fighting
  1030 | D:2      | Reached XP level 4. HP: 36/36 MP: 4/4
  1116 | D:2      | Noticed Sigmund
  1129 | D:2      | Killed Sigmund
  1130 | D:2      | Reached skill level 5 in Fighting
  1130 | D:2      | Reached XP level 5. HP: 21/46 MP: 5/5
  1130 | D:2      | Reached XP level 6. HP: 24/52 MP: 6/6
  1530 | D:2      | Found a faded altar of an unknown god.
  1882 | D:3      | Reached skill level 6 in Fighting
  1971 | D:3      | Found a hide-covered altar of Uskayaw.
  1977 | D:3      | Noticed a +0 hand axe
  1978 | D:3      | Noticed a +0 dagger
  2015 | D:4      | Found a snail-covered altar of Cheibriados.
  2316 | D:4      | Noticed a wyvern
  2326 | D:4      | Reached skill level 7 in Fighting
  2326 | D:4      | Reached XP level 7. HP: 34/60 MP: 7/7
  2332 | D:4      | Killed a wyvern
  2333 | D:4      | Demolished by an ogre

Illustrated notes

Levels and vault maps discovered:
D:1:      erik_arrival_cave_to_civilisation [erik_arrival_cave_to_temple],
          layout_basic
D:2:      layout_loops_corners, ebering_ecumenical_altar_petrified,
          kennysheep_generic_room_2, uniq_sigmund
D:3:      layout_basic, dancing_weapons_uskayaw
D:4:      wad_crossroads, layout_cave_pools, mainiacjoe_overflow_cross_hatched,
          minmay_manual_mail, uniq_crazy_yiuf_cottage

Skill      XL: |  1  2  3  4  5  6 |
---------------+-------------------+-----
Fighting       | 2 3 5 7 |  7.7
Armour         | |  1.8
Dodging        | |  0.9
Stealth        | |  0.7
Evocations     | |  4.0

Action                     |  1- 3 |  4- 6 |  7- 9 || total
---------------------------+-------+-------+-------++-------
  Melee: Dagger            |    83 |   147 |    14 ||   244
         Club              |     4 |       |       ||     4
         Mace              |    55 |    11 |       ||    66
  Evoke: Wand              |       |     7 |       ||     7
    Use: Scroll            |       |     4 |       ||     4
         Potion            |       |       |     1 ||     1
   Stab: Sleeping          |     3 |       |       ||     3
 Armour: Leather armour    |    21 |       |       ||    21
         Ring mail         |    35 |    84 |     4 ||   123
  Dodge: Dodged            |    51 |    57 |     6 ||   114

Table legend: (Time is in decaauts)
 A = Elapsed time spent in this place.
 B = Non-inter-level travel time spent in this place.
 C = Inter-level travel time spent in this place.
 D = Time resting spent in this place.
 E = Time spent auto-exploring this place.
 F = Levels seen in this place.
 G = Mean time per level.
                   A        B        C        D        E       F      G
               +--------+--------+--------+--------+--------+-----+--------+
         Total |   2347 |   2259 |     88 |    249 |   1353 |   4 |  586.8 |
       Dungeon |   2347 |   2259 |     88 |    249 |   1353 |   4 |  586.8 |
               +--------+--------+--------+--------+--------+-----+--------+

Top non-repeatable levels by time:
     D:1: 1034 daAuts
     D:2: 856 daAuts
     D:4: 324 daAuts
     D:3: 131 daAuts
